Map: Crimson Court LE

Players

Jackal - Winner!

  • Race: Zerg Zerg
  • League: Diamond
  • Spawn Location: 1:00

Kenobi

  • Race: Terran Terran
  • League: Diamond
  • Spawn Location: 7:00

VOD

Have the link to the VOD?

Description

Time

  • Played on: April 6, 2024, 5:35 p.m.
  • Length: 22:48
Show
View Real Time Build Order
Export as new Build Order

Jackal Zerg - Winner!

Build Orders: Hatch First, Lurkers 

Get SALT Encoding   

  12  0:00  Drone  
  13  0:14  Overlord  
  13  0:16  Drone  
  14  0:32  Drone x2  
  16  0:36  Drone  
  17  0:52  Hatchery  
  17  0:54  Drone  
  17  0:58  Drone  
  18  1:12  Extractor  
  18  1:14  Spawning Pool  
  18  1:17  Drone  
  17  1:20  Drone  
  18  1:30  Drone  
  19  1:44  Overlord  
  19  2:00  Queen  
  21  2:01  Zergling x2  
  21  2:04  Zergling x4  
  21  2:06  Queen  
  26  2:17  Metabolic Boost  
  26  2:19  Drone  
  26  2:20  Drone  
  28  2:26  Drone  
  28  2:27  Drone  
  30  2:36  Drone  
  30  2:37  Drone  
  32  2:42  Queen  
  34  2:49  Overlord  
  34  2:57  Drone x2  
  36  3:02  Hatchery  
  35  3:08  Overlord  
  35  3:09  Drone x2  
  35  3:11  Drone x2  
  39  3:18  Queen  
  41  3:23  Overlord  
  41  3:26  Drone x2  
  43  3:31  Drone x2  
  45  3:41  Drone  
  46  3:44  Overlord  
  46  3:45  Drone x2  
  46  3:46  Drone  
  49  3:50  Extractor  
  49  3:52  Roach Warren  
  47  3:58  Queen  
  47  4:00  Drone x3  
  52  4:11  Drone  
  53  4:17  Drone  
  53  4:19  Queen, Extractor  
  53  4:21  Drone x4  
  59  4:26  Lair  
  59  4:30  Drone  
  61  4:31  Drone  
  61  4:43  Drone x3  
  61  4:44  Roach x5  
  74  4:55  Overlord x3  
  74  4:58  Spore Crawler  
  73  5:00  Spore Crawler, Drone  
  73  5:01  Drone  
  73  5:04  Overlord x2  
  74  5:16  Drone x2  
  74  5:17  Roach, Drone  
  74  5:18  Roach x3  
  85  5:25  Evolution Chamber  
  85  5:26  Evolution Chamber  
  84  5:28  Drone x3  
  84  5:29  Drone x5  
  84  5:30  Drone  
  84  5:34  Spore Crawler  
  84  5:35  Overseer  
  91  5:52  Overlord x2, Pneumatized Carapace  
  91  5:53  Overlord  
  91  5:55  Hatchery  
  91  5:57  Extractor  
  89  6:13  Drone x3  
  89  6:18  Zerg Missile Weapons Level 1  
  92  6:19  Zerg Ground Armor Level 1  
  92  6:21  Ravager x3  
  95  6:26  Extractor  
  95  6:28  Extractor, Drone x4  
  95  6:29  Drone x2  
  99  6:36  Infestation Pit  
  98  6:55  Drone x9  
  98  6:56  Drone x2  
  98  6:57  Roach  
  98  6:58  Roach x6  
  123  7:04  Ravager x3  
  123  7:07  Drone x2  
  123  7:08  Drone  
  129  7:11  Hydralisk Den  
  128  7:16  Extractor  
  128  7:17  Spore Crawler  
  128  7:20  Hive  
  128  7:21  Zergling x14  
  128  7:22  Zergling x2  
  134  7:35  Drone x2  
  134  7:36  Spine Crawler, Drone  
  136  7:38  Extractor  
  128  8:09  Drone  
  128  8:10  Drone x5  
  128  8:11  Drone x2  
  136  8:21  Zerg Missile Weapons Level 2  
  136  8:22  Glial Reconstitution  
  136  8:23  Zerg Ground Armor Level 2  
  125  8:40  Spore Crawler, Drone x10  
  134  8:48  Overlord x7  
  134  8:50  Hatchery  
  134  8:52  Hatchery  
  132  9:04  Hydralisk x2  
  136  9:12  Lurker Den  
  133  9:22  Spore Crawler  
  133  9:23  Spore Crawler x2  
  126  9:25  Ravager x2  
  125  9:32  Hydralisk x4  
  125  9:33  Roach x5, Hydralisk x6  
  125  9:34  Roach x3  
  161  9:38  Viper x2  
  161  9:39  Viper  
  127  10:22  Hydralisk x3  
  127  10:23  Roach x5, Hydralisk x4  
  127  10:24  Roach  
  148  10:30  Lurker x6  
  148  10:31  Lurker  
  151  10:42  Hydralisk x3  
  144  10:43  Roach x4  
  144  10:45  Drone x4  
  144  10:47  Drone  
  144  10:48  Drone x3  
  166  10:51  Unknown  
  125  11:38  Hydralisk  
  125  11:39  Roach, Hydralisk x6  
  112  11:40  Roach x5, Hydralisk  
  122  11:50  Hydralisk x5  
  122  11:51  Roach x7, Hydralisk x2  
  150  11:57  Hatchery  
  150  12:00  Seismic Spines  
  146  12:10  Lurker  
  146  12:12  Lurker  
  102  12:56  Hydralisk x2  
  102  12:57  Roach x3, Hydralisk x5  
  102  12:58  Roach x3  
  128  13:00  Lurker x3  
  131  13:17  Spore Crawler  
  131  13:19  Spine Crawler x2  
  128  13:23  Extractor  
  128  13:24  Lurker x3  
  128  13:25  Lurker  
  131  13:31  Lurker  
  132  13:41  Lurker  
  132  13:42  Lurker  
  132  13:46  Hatchery  
  133  13:53  Hatchery  
  133  13:54  Spore Crawler, Drone x3  
  134  14:00  Roach, Hydralisk x5  
  134  14:01  Roach x5  
  156  14:16  Hydralisk x5  
  156  14:17  Hydralisk  
  162  14:36  Viper x2  
  168  14:39  Spine Crawler  
  142  14:57  Lurker x2  
  142  14:58  Lurker x3  
  147  15:00  Zergling x2  
  147  15:01  Zergling x18  
  157  15:14  Spore Crawler x2  
  156  15:15  Spore Crawler  
  138  15:48  Zerg Missile Weapons Level 3  
  138  15:49  Zerg Ground Armor Level 3  
  138  15:54  Hydralisk x5  
  138  15:55  Hydralisk x6  
  138  15:57  Zergling x22  
  165  16:15  Lurker  
  165  16:16  Lurker x4  
  170  16:35  Lurker x3  
  173  16:40  Hatchery  
  173  16:41  Hatchery  
  144  17:05  Hydralisk x3  
  144  17:06  Zergling x2  
  144  17:07  Zergling x30  
  127  17:46  Spore Crawler  
  127  17:48  Drone x4  
  127  17:49  Spore Crawler, Extractor, Drone x5  
  124  18:00  Hydralisk x8  
  124  18:01  Zergling x2  
  141  18:08  Drone  
  142  18:16  Extractor x2  
  135  18:32  Lurker  
  137  18:34  Drone x3  
  137  18:35  Drone x2  
  137  18:37  Spore Crawler  
  137  18:40  Lurker x2  
  133  18:58  Hydralisk x2  
  137  19:18  Zergling x8, Hydralisk x3  
  137  19:19  Zergling x2  
  130  19:45  Hatchery  
  109  19:46  Hydralisk  
  109  19:47  Hydralisk x3  
  109  19:48  Zergling x2  
  98  20:15  Lurker x2  
  98  20:20  Lurker x2  
  102  20:23  Lurker x2  
  102  20:24  Lurker x2  
  102  20:25  Lurker  
  102  20:26  Lurker  
  108  20:37  Hatchery  
  108  20:38  Lurker  
  108  20:55  Extractor  
  107  20:58  Extractor  
  106  21:06  Hydralisk x4  
  106  21:07  Hydralisk  
  113  21:26  Extractor  
  112  21:40  Hydralisk x5  
  112  21:41  Hydralisk x2  
  112  21:45  Lurker x5  
  109  22:37  Hatchery  
  119  22:46  Spore Crawler x2  
Show
View Real Time Build Order
Export as new Build Order

Kenobi Terran 

Build Orders: Reaper Expand, Hellion Banshee 

Get SALT Encoding   

  12  0:01  SCV  
  13  0:13  SCV  
  14  0:17  Supply Depot  
  14  0:26  SCV  
  15  0:39  SCV, Barracks  
  16  0:44  Refinery  
  16  0:51  SCV  
  17  1:03  SCV  
  18  1:15  SCV  
  19  1:29  Reaper  
  19  1:30  Orbital Command  
  20  1:40  Command Center  
  20  1:51  Supply Depot  
  20  1:57  SCV  
  21  2:01  Marine  
  22  2:09  SCV  
  22  2:12  Factory  
  23  2:22  Barracks Reactor, SCV  
  24  2:40  SCV, Command Center  
  25  2:54  Orbital Command  
  25  3:08  Starport  
  25  3:09  SCV  
  25  3:11  Barracks Tech Lab, Refinery  
  28  3:20  Hellion x2  
  28  3:22  SCV  
  28  3:23  SCV  
  32  3:34  SCV  
  32  3:35  SCV  
  36  3:41  Hellion x2  
  36  3:48  SCV x2  
  40  3:51  Banshee  
  40  3:53  Orbital Command  
  43  4:00  SCV x2, Cloaking Field  
  45  4:06  Hellion  
  45  4:07  Hellion  
  49  4:12  SCV x2  
  49  4:15  Barracks Tech Lab  
  51  4:20  SCV  
  52  4:24  SCV x2  
  52  4:26  Supply Depot  
  54  4:32  SCV  
  54  4:36  SCV, Banshee  
  54  4:37  SCV  
  60  4:39  Marine  
  61  4:46  Barracks  
  61  4:47  SCV, Barracks  
  61  4:49  SCV x2  
  61  4:50  Supply Depot  
  61  4:51  Factory Reactor  
  64  4:53  Stimpack  
  64  4:54  Supply Depot  
  64  4:59  SCV  
  65  5:01  SCV x2  
  65  5:02  Engineering Bay  
  65  5:04  Engineering Bay  
  67  5:10  Refinery  
  67  5:11  Orbital Command, Marine, Refinery  
  68  5:19  Supply Depot  
  68  5:23  Supply Depot  
  68  5:28  SCV x2  
  70  5:33  Terran Infantry Armor Level 1, Terran Infantry Weapons Level 1  
  70  5:37  SCV, Marine x2  
  70  5:40  Starport Reactor, SCV x2  
  75  5:46  Barracks x2  
  75  5:48  Marine x3  
  75  5:49  SCV  
  79  5:52  SCV x2  
  79  5:54  Marine  
  79  5:55  Marine  
  83  6:00  Siege Tank  
  83  6:01  SCV  
  87  6:05  SCV x2  
  87  6:06  Marine x2  
  87  6:08  Marine  
  92  6:12  Marine  
  92  6:13  SCV  
  92  6:14  Marine  
  92  6:18  Refinery, Medivac x2  
  97  6:19  SCV x2  
  97  6:22  Supply Depot  
  97  6:24  Supply Depot, Marine  
  102  6:26  Marine x2  
  104  6:33  SCV x3  
  107  6:42  Barracks Reactor x2  
  107  6:45  SCV  
  108  6:48  Medivac x2  
  108  6:49  Armory  
  108  6:53  Marine, Combat Shield  
  108  6:54  Marine x4  
  117  7:06  Factory  
  117  7:08  Command Center  
  117  7:09  Siege Tank  
  117  7:11  Marine  
  117  7:12  Supply Depot, Marine x4  
  117  7:13  Supply Depot  
  117  7:14  Supply Depot  
  125  7:18  SCV x2  
  125  7:21  SCV  
  128  7:24  Refinery  
  128  7:27  Marine x4  
  128  7:29  Marine  
  133  7:34  SCV x2, Marine x3  
  138  7:42  Marine  
  139  7:45  Marine  
  139  7:47  Marine  
  139  7:48  Marine x3  
  139  7:49  Terran Infantry Weapons Level 2, Siege Tank, Medivac x2, Terran Infantry Armor Level 2  
  151  7:52  Marine  
  149  8:08  Marine  
  149  8:09  Marine x7  
  157  8:16  Factory Tech Lab  
  157  8:17  Supply Depot x2  
  157  8:19  Marine, Medivac x2  
  162  8:21  Siege Tank  
  162  8:25  Missile Turret  
  162  8:26  Marine  
  162  8:27  Marine x7  
  167  8:37  Marine  
  167  8:38  Siege Tank  
  171  8:44  Marine x5  
  171  8:45  Marine  
  177  8:48  Barracks  
  177  8:49  Barracks, Medivac x2  
  177  8:52  Barracks  
  177  8:53  Siege Tank  
  184  9:08  Supply Depot  
  172  9:34  Marine x2  
  172  9:35  Marine x7  
  172  9:36  Siege Tank x2, Medivac x2  
  190  9:52  Marine x3  
  192  9:53  Marine x3  
  192  9:59  Marauder  
  195  10:03  Marine x2  
  173  10:10  Marine x6  
  176  10:17  Siege Tank x2  
  176  10:18  Barracks Tech Lab  
  176  10:19  Barracks Tech Lab x2  
  176  10:20  Marine  
  176  10:21  Planetary Fortress, Ghost Academy, Marine x2  
  183  10:23  SCV  
  183  10:24  SCV x2  
  184  10:35  SCV  
  184  10:36  SCV x2  
  184  10:38  Marauder  
  187  10:47  SCV  
  187  10:48  SCV x2, Marauder x2  
  187  10:49  Marauder, Marine x2  
  193  10:50  Marine x3  
  193  10:56  Supply Depot  
  196  11:15  Terran Infantry Armor Level 3, Marine, Terran Infantry Weapons Level 3  
  196  11:16  Marine x2  
  196  11:17  SCV, Marauder, Marine  
  196  11:18  Marine x2  
  200  11:19  Marine x2  
  170  11:33  Marine  
  170  11:34  Marine x5  
  170  11:35  Marine, Siege Tank x2, Medivac x2  
  170  11:36  Marine x2  
  170  11:37  Marine x2  
  170  11:39  Marauder  
  181  11:46  Refinery  
  181  11:48  Command Center, Refinery  
  181  11:51  Ghost x2, Marine  
  181  11:52  Marauder  
  188  11:59  Ghost  
  190  12:04  Marine x2  
  192  12:13  Ghost  
  194  12:15  Command Center x2  
  194  12:20  Ghost  
  194  12:21  Marauder  
  198  12:28  Ghost  
  171  12:41  Ghost x2  
  171  12:42  Marine  
  171  12:43  Marine x7  
  166  12:49  Marine  
  152  12:57  Marine, Siege Tank x2  
  156  13:00  Marine x2  
  156  13:01  Marine x6  
  156  13:04  Orbital Command  
  164  13:06  Missile Turret  
  164  13:07  Marauder  
  164  13:10  Marine x2  
  168  13:15  Marine  
  168  13:17  Liberator x2  
  168  13:18  Marine x7  
  168  13:19  Marine  
  183  13:28  Marine x3  
  183  13:33  Marauder  
  188  13:36  Marine x2  
  190  13:46  Marauder  
  171  14:13  Marine  
  171  14:14  Marauder  
  172  14:24  Liberator x2  
  172  14:25  Marine x2  
  172  14:26  Marauder  
  175  14:44  Marauder x2  
  176  14:46  Marauder, Marine x2  
  176  14:47  Marauder  
  176  14:52  Marine x6  
  185  15:04  Marine x2  
  185  15:05  Marauder, Marine  
  190  15:07  Marine, Medivac x2  
  190  15:09  Marauder  
  190  15:10  Orbital Command, Marine x3  
  200  15:33  Marine  
  200  15:34  Marauder x2, Marine  
  200  15:35  Marauder  
  184  15:44  Marine  
  184  15:45  Marauder, Marine x5  
  184  15:47  Planetary Fortress  
  189  15:51  Marine  
  189  15:54  Liberator  
  189  15:55  Liberator  
  189  15:56  Marauder, Siege Tank x2  
  185  16:08  Marauder x3, Marine x6  
  185  16:09  Marine x2  
  199  16:25  Marine  
  199  16:27  Command Center  
  199  16:32  Starport  
  200  16:34  Terran Ship Weapons Level 1  
  200  16:46  Marine x3  
  198  16:56  Marine x4  
  198  16:57  Marine x4  
  197  17:06  Marine x4  
  196  17:14  Marine x5  
  200  17:17  Marauder, Marine  
  190  17:23  Marine x2  
  190  17:24  Marine  
  190  17:25  Marauder  
  170  18:01  Command Center  
  161  18:17  Marine x3  
  161  18:18  Marauder x4, Marine x5  
  161  18:19  Siege Tank  
  158  18:20  Siege Tank  
  151  18:35  Marine x4  
  151  18:36  Marine x3  
  151  18:39  Marauder x3  
  151  18:40  Marauder  
  150  18:50  Marine  
  150  18:52  Medivac x2  
  150  18:53  Marine x6  
  150  18:54  Marine  
  162  18:59  Refinery  
  162  19:00  Refinery  
  162  19:01  Marauder x4  
  170  19:08  Marine  
  171  19:10  Marine  
  171  19:14  Planetary Fortress  
  171  19:16  Marine  
  171  19:17  Marine x4  
  173  19:22  Marauder x4  
  182  19:43  Marauder x2, Marine  
  182  19:44  Marauder  
  182  19:45  Planetary Fortress  
  171  19:46  Marine x3  
  171  19:47  Marauder  
  145  19:55  Marine  
  145  19:56  Marine x2  
  145  19:59  Marine  
  149  20:00  Marine  
  149  20:04  Marine x3  
  149  20:05  Marauder x3  
  159  20:09  Marauder  
  159  20:13  Unknown  
  161  20:24  Siege Tank x2  
  161  20:26  Marauder x2, Ghost  
  173  20:29  Ghost  
  173  20:33  Marine  
  176  20:41  Marine x7  
  183  20:47  Ghost x2  
  187  20:51  Marine  
  187  20:54  Ghost  
  189  20:58  Ghost  
  179  21:07  Marine x2  
  179  21:09  Liberator  
  171  21:16  Marauder x2  
  171  21:17  Marine x4  
  163  21:26  Missile Turret  
  163  21:27  Marauder, Marine  
  166  21:40  Marauder x3  
  112  22:04  Marine  
  112  22:05  Marine x11  
  106  22:22  Marine  
  90  22:23  Marine  
Tags
 
Add a new tag
Caveats
  • Supply blocks, unpowered buildings, or Contaminate may cause inaccurate times.
  • Supply counts are checked every 10 seconds.